 Dungeon Sprint DCSS version 0.30-a0-605-gb2882149bf (webtiles) character file.

Game seed: 18212570594703540879

2000000 NinjaNoafa the Spry (level 15, -23/124 HPs)
             Began as a Djinni Warper on Jan 8, 2023.
             Was a Believer of Makhleb.
             Annihilated by a meat berserker
             ... wielding a +9 battleaxe
              (56 damage)
             ... in the Dungeon (Sprint VIII: "Arena of Blood").
             The game lasted 00:00:46 (20 turns).

NinjaNoafa the Spry (Djinni Warper)                   Turns: 20, Time: 00:00:46

Health: -23/124    AC:  5    Str: 10    XL:     15   Next: 42%
Gold:   0          EV: 23    Int: 17    God:    Makhleb [**....] SH:  0 Dex: 18

rFire   + + .      SeeInvis .    j - +∞ Axe of Woe
rCold   x . .      Faith    .    (shield currently unavailable)
rNeg    . . .      Spirit   .    b - +0 leather armour
rPois   ∞          Reflect  .    (no helmet)
rElec   .          Harm     .    (no cloak)
rCorr   .          Rampage  .    (no gloves)
Will    +....      NoTele   +    (boots unavailable)
Stlth   +                        (no amulet)
HPRegen 0.40/turn                k - +30 ring of slaying
MPRegen 0.00/turn                (no ring)

@: flying
A: sickness immunity, fire resistance 2, cold vulnerability 1, float, innate
caster, HP casting, extra vitality 1
a: Renounce Religion, Minor Destruction


You were in the Dungeon.
You worshipped Makhleb.
Makhleb was pleased with you.
You visited 1 branch

Inventory:

Hand Weapons
 a - a +0 hand axe
 j - the +∞ Axe of Woe (weapon)
   (You found it in the Dungeon)
Missiles
 d - 7 boomerangs of dispersal (quivered)
Armour
 b - a +0 leather armour (worn)
Jewellery
 k - a +30 ring of slaying (left hand)
Scrolls
 c - 2 scrolls of blinking
Potions
 e - a potion of curing
 f - a potion of heal wounds
 g - a potion of haste
 h - 2 potions of magic
 i - a potion of berserk rage


   Skills:
 + Level 17.0 Fighting
 + Level 14.5 Axes
 + Level 14.5 Throwing
 + Level 17.1 Armour
 + Level 18.4 Dodging
 + Level 13.5 Spellcasting
 + Level 12.0 Invocations


You had 3 spell levels left.
You knew the following spells:

 Your Spells              Type           Power      Damage    Failure   Level
a - Blink                 Tloc           100%       N/A       1%          2
b - Lesser Beckoning      Tloc           100%       N/A       1%          3
c - Vhi's Electric Charg  Tloc/Air       100%       N/A       1%          3
d - Teleport Other        Tloc           55%        N/A       1%          3
e - Manifold Assault      Tloc           55%        N/A       1%          4
f - Necrotise             Necr           100%       1d9       1%          1
g - Passwall              Tmut/Erth      45%        N/A       1%          2
h - Scorch                Fire           100%       2d10      1%          2
i - Swiftness             Air            55%        N/A       1%          3
j - Iskenderun's Mystic   Conj/Tloc      55%        2d12      1%          4
k - Metabolic Englaciati  Hex/Ice        27%        N/A       1%          5
l - Summon Cactus Giant   Summ           27%        N/A       4%          6
Your spell library was empty.

Dungeon Overview and Level Annotations

Branches:
Dungeon (1/1)

Altars:
Makhleb


Innate Abilities, Weirdness & Mutations

You are immune to sickness and miasma.
You are immune to poison.
Your flesh is very heat resistant. (rF++)
You are vulnerable to cold. (rC-)
You float through the air rather than walking.
You learn spells naturally, not from books.
Your magical power is your life essence.
You have superior vitality. (+4 MHP)


Message History

Unknown command.
k - a +30 ring of slaying (left hand)
You hear a shout! x11
You slice the meat berserker!!
You cleave the meat berserker in twain.
You kill the meat berserker!
Makhleb accepts your kill.
You can now harness Makhleb's destructive might.
The large bag of meat appears out of thin air!
A large bag of meat comes into view. It is wielding a +9 giant spiked club.
The large bag of meat shouts in stereo!
You hear a shout! x13
The meat berserker hits you with a +9 battleaxe!!!
Ouch! That really hurt!
You hear a shout!
The bag of meat hits you with a +9 war axe!!!
* * * LOW HITPOINT WARNING * * *
You hear a shout! x3
Your Fighting skill increases to level 17!
Your Axes skill increases to level 14!
Your Throwing skill increases to level 14!
Your Armour skill increases to level 17!
Your Dodging skill increases to level 18!
Your Spellcasting skill increases to level 13!
Your Invocations skill gained 2 levels and is now at level 12!
You have reached level 15!
Your experience leads to an increase in your attributes!
Increase (S)trength, (I)ntelligence, or (D)exterity?
You feel agile. x2
The power to cast Summon Cactus Giant wells up from within.
Spell assigned to 'l'.
You dice the meat berserker like an onion!!!
You hew the meat berserker savagely.
You kill the meat berserker!
Makhleb accepts your kill.
You slice the bag of meat!!
You hew the bag of meat savagely.
You kill the bag of meat!
Makhleb accepts your kill.
You feel better.
You hear a shout! x9
The meat berserker hits you with a +9 battleaxe!!!
You die...

..... ... #...
...# . #... ...#
o ..###...
...###O.
......###......
......_......
#.....# #_)<._#
#.o.O@#
...o.._.........
......###........
..###...
.O.###... . #...
...# .. #.......#
......... ......


You could see a large bag of meat (inner flame), a meat berserker (berserk) and
2 bags of meat.

Vanquished Creatures
  5 ogres (D)
  2 orcs (D)
7 creatures vanquished.

Notes
Turn   | Place    | Note
-------+----------+-------------------------------------------
     0 | D        | Found the +∞ Axe of Woe
     0 | D        | NinjaNoafa the Djinni Warper began the quest for the Orb.
     0 | D        | NinjaNoafa set off with the following spells memorised:
                  | Blink, Lesser Beckoning, Vhi's Electric Charge, Teleport
                  | Other, Manifold Assault.
     0 | D        | Reached XP level 1. HP: 18/18 MP: 0/0
     1 | D        | Noticed a meat berserker
     4 | D        | Became a worshipper of Makhleb the Destroyer
     5 | D        | Killed a meat berserker
     5 | D        | Noticed a bag of meat
     6 | D        | Reached skill level 10 in Axes
     6 | D        | Reached skill level 10 in Throwing
     6 | D        | Reached skill level 13 in Dodging
     6 | D        | Reached skill level 10 in Spellcasting
     6 | D        | Reached XP level 2. HP: 39/39 MP: 0/0
     6 | D        | Reached XP level 3. HP: 44/44 MP: 0/0
     6 | D        | Learned a level 1 spell: Necrotise
     6 | D        | Reached XP level 4. HP: 50/50 MP: 0/0
     6 | D        | Reached XP level 5. HP: 56/56 MP: 0/0
     6 | D        | Learned a level 2 spell: Passwall
     6 | D        | Reached XP level 6. HP: 62/62 MP: 0/0
     6 | D        | Reached XP level 7. HP: 67/67 MP: 0/0
     6 | D        | Learned a level 2 spell: Scorch
     6 | D        | Reached XP level 8. HP: 74/74 MP: 0/0
     6 | D        | Reached XP level 9. HP: 79/79 MP: 0/0
     6 | D        | Learned a level 3 spell: Swiftness
     6 | D        | Reached XP level 10. HP: 85/85 MP: 0/0
     6 | D        | Reached XP level 11. HP: 90/90 MP: 0/0
     6 | D        | Learned a level 4 spell: Iskenderun's Mystic Blast
     6 | D        | Reached XP level 12. HP: 96/96 MP: 0/0
    10 | D        | Killed a bag of meat
    10 | D        | Reached * piety under Makhleb
    11 | D        | Reached skill level 14 in Dodging
    11 | D        | Reached skill level 5 in Invocations
    11 | D        | Reached XP level 13. HP: 103/103 MP: 0/0
    11 | D        | Learned a level 5 spell: Metabolic Englaciation
    11 | D        | Noticed a meat berserker
    13 | D        | Noticed a meat berserker
    13 | D        | Noticed a bag of meat
    14 | D        | Noticed a bag of meat
    14 | D        | Noticed a meat berserker
    14 | D        | Noticed a bag of meat
    14 | D        | Noticed a meat berserker
    15 | D        | Noticed a meat berserker
    16 | D        | Killed a meat berserker
    17 | D        | Reached skill level 15 in Fighting
    17 | D        | Reached skill level 15 in Armour
    17 | D        | Reached skill level 16 in Dodging
    17 | D        | Reached XP level 14. HP: 114/114 MP: 0/0
    17 | D        | Killed a meat berserker
    17 | D        | Noticed a bag of meat
    18 | D        | Reached skill level 17 in Dodging
    18 | D        | Reached skill level 10 in Invocations
    19 | D        | Killed a meat berserker
    19 | D        | Reached ** piety under Makhleb
    19 | D        | Noticed a large bag of meat
    20 | D        | Reached skill level 18 in Dodging
    20 | D        | Reached XP level 15. HP: 9/124 MP: 0/0
    20 | D        | Learned a level 6 spell: Summon Cactus Giant
    20 | D        | Killed a meat berserker
    20 | D        | Annihilated by a meat berserker

Illustrated notes

Levels and vault maps discovered:
D:        meatsprint

Skill      XL: |  1  2  3  4  5  6  7  8  9 10 11 12 13 14 |
---------------+-------------------------------------------+-----
Fighting       | 12 13 15 17 | 17.0
Axes           | 10 11 12 14 | 14.5
Throwing       | 10 11 12 14 | 14.5
Armour         | 12 13 15 17 | 17.1
Dodging        | 13 14 16 18 | 18.4
Spellcasting   | 10 11 13 | 13.5
Invocations    | 5 8 12 | 12.0

Action                   |  1- 3 |  4- 6 |  7- 9 | 10-12 | 13-15 || total
-------------------------+-------+-------+-------+-------+-------++-------
Melee: Executioner's axe |     1 |       |       |     1 |     4 ||     6

Table legend: (Time is in decaauts)
 A = Elapsed time spent in this place.
 B = Non-inter-level travel time spent in this place.
 C = Inter-level travel time spent in this place.
 D = Time resting spent in this place.
 E = Time spent auto-exploring this place.
 F = Levels seen in this place.
 G = Mean time per level.
                   A        B        C        D        E       F      G
               +--------+--------+--------+--------+--------+-----+--------+
         Total |     20 |     20 |      0 |      0 |      0 |   1 |   20.0 |
       Dungeon |     20 |     20 |      0 |      0 |      0 |   1 |   20.0 |
               +--------+--------+--------+--------+--------+-----+--------+

Top non-repeatable levels by time:
       D: 20 daAuts
